 Dungeon Crawl Stone Soup version 0.20-a0-1006-ge6c5631 (webtiles) character file.

80 FastMan the Shield-Bearer (level 4, -4/35 HPs)
             Began as a Formicid Fighter on Apr 14, 2017.
             Killed by divine providence
             ... invoked by an orc priest
              (12 damage)
             ... on level 3 of the Dungeon.
             The game lasted 00:01:08 (1622 turns).

FastMan the Shield-Bearer (Formicid Fighter)        Turns: 1622, Time: 00:01:09

Health: -4/35      AC: 10    Str: 25    XL:     4   Next: 65%
Magic:  4/4        EV:  6    Int:  8    God:
Gold:   113        SH: 10    Dex: 11    Spells: 3/3 levels left

rFire    . . .     SeeInvis +   a - +0 war axe
rCold    . . .     Gourm    .   c - +0 shield
rNeg     . . .     Faith    .   p - +0 chain mail (curse)
rPois    .         Spirit   .   (helmet unavailable)
rElec    .         Reflect  .   (no cloak)
rCorr    .         Harm     .   g - +0 pair of gloves (curse)
MR       .....                  (no boots)
Stlth    ..........             (no amulet)
Regen    0.2/turn               (no ring)
MPRegen  0.1/turn               (no ring)

@: mighty
A: permanent stasis, dig shafts and tunnels, four strong arms, antennae 3
a: Dig, Shaft Self


You were on level 3 of the Dungeon.
You were hungry.

You visited 1 branch of the dungeon, and saw 4 of its levels.

You collected 113 gold pieces.

Inventory:

Hand Weapons
 a - a +0 war axe (weapon)
Armour
 b - a +0 scale mail
 c - a +0 shield (worn)
 g - a cursed +0 pair of gloves (worn)
 p - a cursed +0 chain mail (worn)
Jewellery
 e - an uncursed ring of stealth {unknown}
Scrolls
 h - a scroll of magic mapping {unknown}
 i - a scroll of noise {unknown}
 k - 3 scrolls of identify {unknown}
 l - a scroll of teleportation {unknown}
 n - a scroll of amnesia {unknown}
 o - a scroll of recharging {unknown}
 r - a scroll of enchant armour {unknown}
 s - a scroll of random uselessness {unknown}
Potions
 j - 2 potions of curing {unknown}
 m - a potion of brilliance {unknown}
 q - a potion of flight {unknown}
Comestibles
 f - 4 bread rations {@e1}


   Skills:
 - Level 3.2 Fighting
 * Level 3.9 Axes
 - Level 3.2 Armour
 + Level 4.4 Shields


You had 3 spell levels left.
You didn't know any spells.

Dungeon Overview and Level Annotations

Branches:
Dungeon (4/15)
 Temple: D:4-7

Altars:
Nemelex Xobeh

Annotations:
D:4 FastMan's ghost, amateur FoFi; Natasha


Innate Abilities, Weirdness & Mutations

You cannot be hasted, slowed, berserked, paralysed or teleported.
You can dig through walls and to a lower floor.
Your four strong arms can wield two-handed weapons with a shield.
You have a pair of large antennae on your head. (SInv)


Message History

You block the bat's attack. You block the quokka's attack.
The orc wizard barely misses you. The quokka barely misses you.
The orc priest hits you with a flail.
* * * LOW HITPOINT WARNING * * *
You hit the orc priest.
The orc priest is moderately wounded.
You slash the quokka!
You kill the quokka!
You closely miss the orc wizard. You block the bat's attack.
You block the orc wizard's attack.
The orc priest casts a cantrip, but nothing happens.
The orc wizard mumbles some strange words.
The orc wizard blinks!
Unknown command.
You hit the orc priest.
The orc priest is severely wounded.
The bat hits you but does no damage.
The orc priest invokes the aid of Beogh against you.
Beogh smites you!
You die...

##.# #..... ... #... ....
............( #..#####.##
#............
#..%..†...####..........##
#..#####..................
#........#####............
#..#####..# #.............
#........o###.......##....
#..#####.@†b..............
#.......§.##.........#....
#...o##.#.##...<.....#....
#....##.#.##.......#.#....
#.....#.#.########+#.#....
######....#.#.#####........###
..........#.#.................
..........'..<.####.........##
..........##.#.# #.........##


You could see an orc priest, an orc wizard and a bat.

Vanquished Creatures
  3 adders (D:3)
  2 worms (D:2)
  A dart slug (D:1)
  3 leopard geckos (D:1)
  2 orcs (D:3)
  2 bats
  2 giant cockroaches
  4 goblins
  5 hobgoblins
  2 jackals
  4 kobolds
  A quokka (D:3)
  4 frilled lizards
  5 rats
40 creatures vanquished.

Notes
Turn   | Place    | Note
-------+----------+-------------------------------------------
     0 | D:1      | FastMan the Formicid Fighter began the quest for the Orb.
     0 | D:1      | Reached XP level 1. HP: 18/18 MP: 1/1
    84 | D:1      | Reached XP level 2. HP: 24/24 MP: 2/2
   308 | D:1      | Reached skill level 4 in Shields
   341 | D:1      | Reached XP level 3. HP: 24/29 MP: 3/3
   773 | D:2      | Found a sparkling altar of Nemelex Xobeh.
  1078 | D:3      | Reached XP level 4. HP: 35/35 MP: 4/4
  1613 | D:4      | Noticed Natasha
  1613 | D:4      | Noticed FastMan's ghost (amateur FoFi)
  1614 | D:4      | Noticed a phantom
  1622 | D:3      | Killed from afar by an orc priest

Vault maps used:
D:1:      sevenhm_arrival_forest_fort_small_3
D:2:      overflow_temple_1_default, lemuel_round_altar
D:3:      minmay_misc_feat_rows
D:4:      nicolae_qazlal_eye_of_the_storm, kennysheep_mini_moat,
          minmay_temple_entry_mist, first_bread, uniq_menkaure, uniq_sigmund,
          uniq_natasha, uniq_iyjb

Skill      XL: |  1  2  3 |
---------------+----------+-----
Shields        | 4 |  4.4
Axes           | 3 |  3.9
Fighting       | |  3.2
Armour         | |  3.2

Action                   |  1- 3 |  4- 6 || total
-------------------------+-------+-------++-------
Melee: War axe           |   126 |    42 ||   168
  Use: Potion            |       |     1 ||     1
  Eat: Chunk             |     1 |     1 ||     2
Armor: Scale mail        |    38 |       ||    38
       Chain mail        |     6 |    30 ||    36
Dodge: Dodged            |    43 |    18 ||    61
Block: Shield            |    61 |    38 ||    99
